 Dungeon Crawl Stone Soup version 0.24.1 (webtiles) character file.

Game seed: 11703333756529158943, levelgen mode: deterministic

768 MajorAdolf the Covert (level 7, 0/64 HPs)
             Began as a Naga Wanderer on Mar 28, 2020.
             Was a Follower of Cheibriados.
             Slain by an ogre
             ... wielding a +0 giant club
              (17 damage)
             ... on level 6 of the Dungeon.
             The game lasted 00:18:41 (7532 turns).

MajorAdolf the Covert (Naga Wanderer)               Turns: 7532, Time: 00:18:42

Health: 0/64       AC:  6    Str: 18    XL:     7   Next: 82%
Magic:  7/10       EV:  9    Int: 15    God:    Cheibriados [*.....]
Gold:   332        SH:  0    Dex: 15    Spells: 6/6 levels left

rFire    . . .     SeeInvis +   a - +3 mace
rCold    . . .     Gourm    .   (no shield)
rNeg     . . .     Faith    .   d - +0 robe
rPois    +         Spirit   .   (no helmet)
rElec    .         Reflect  .   (no cloak)
rCorr    .         Harm     .   g - +2 pair of gloves {Dex+3}
MR       .....                  (no barding)
Stlth    +++++.....             (no amulet)
HPRegen  0.20/turn              (no ring)
MPRegen  0.12/turn              (no ring)

@: very slow
A: large, see invisible, deformed body, poison resistance, slowness 2, slow
metabolism 1, spit poison 1, AC +2
a: Spit Poison, Bend Time, Renounce Religion


You were on level 6 of the Dungeon.
You worshipped Cheibriados.
Cheibriados was aware of your devotion.
You were hungry.

You visited 2 branches of the dungeon, and saw 7 of its levels.

You collected 332 gold pieces.

Inventory:

Hand Weapons
 a - a +3 mace (weapon)
 p - a +0 hunting sling
 s - a +0 war axe
 y - a cursed -1 dagger
Missiles
 n - 36 sling bullets
 q - 133 stones (quivered)
Armour
 d - a +0 robe (worn)
 g - a +2 pair of gloves of dexterity (worn)
Jewellery
 r - an uncursed ring of fire
Scrolls
 c - 2 scrolls of teleportation
 h - 4 scrolls of identify
 j - a scroll of enchant armour {unknown}
 k - a scroll of immolation
 l - a scroll of magic mapping {unknown}
 u - a scroll of enchant weapon
Potions
 b - a potion of curing
 e - a potion of resistance {unknown}
 i - a potion of brilliance
 o - a potion of agility
 t - a potion of ambrosia {unknown}
Comestibles
 f - 8 rations


   Skills:
 - Level 4.0 Fighting
 - Level 2.0 Maces & Flails
 - Level 1.0 Throwing
 - Level 1.5 Armour
 + Level 11.2 Stealth
 + Level 4.3 Invocations


You had 6 spell levels left.
You didn't know any spells.
Your spell library was empty.

Dungeon Overview and Level Annotations

Branches:
Dungeon (6/15)             Temple (1/1) D:4

Altars:
Ashenzari
Cheibriados
Dithmenos
Elyvilon
Fedhas
Gozag
Kikubaaqudgha
Makhleb
Nemelex Xobeh
Okawaru
Qazlal
Ru
Sif Muna
Trog
Uskayaw
Vehumet
Xom
Yredelemnul
Zin
The Shining One

Annotations:
D:5 exclusion: downstairs
D:6 Pikel


Innate Abilities, Weirdness & Mutations

You cannot wear boots.
Your serpentine skin is tough. (AC +2)
You have supernaturally acute eyesight. (SInv)
Armour fits poorly on your strangely shaped body.
Your system is resistant to poisons. (rPois)
You cover ground very slowly.
You have a slow metabolism.
You can spit poison.


Message History

The orc wizard hits you but does no damage.
The orc wizard gestures at you while chanting.
The magic dart hits you. The orc hits you.
The orc wizard hits you but does no damage.
The orc wizard barely misses you.
The orc wizard casts a cantrip, but nothing happens.
The orc wizard barely misses you. The orc wizard misses you.
The orc wizard points at you and mumbles some strange words.
The puff of flame hits you. The flow of time bends around you.
Cheibriados rebukes the orc wizard.
The orc wizard seems to slow down.
Cheibriados rebukes the ogre.
The ogre seems to slow down.
You feel slightly more hungry. The orc wizard casts a spell at you.
The puff of frost hits you!
* * * LOW HITPOINT WARNING * * *
The ogre hits you with a +0 giant club!
You die...

##### #...# ###...###
#########....<..# #######
#.......oO@.....#####......
#.####...o.............[...
#.# ##.###................
#O#####.###....#.####.###..
#####.##.........#.#.# #.#
#.. #...........####.#.#.#
#.# #.รท #[###.##.##.#
#.#.#.# #.# #.. #.#
#.##.##.## #.#.#.# #.# #.#
#.# #.##.##..# #.#.#.# #.#
#.#


You could see an ogre, an orc wizard and an orc.

Vanquished Creatures
  2 ogres (D:5)
  A centaur (D:5)
  A scorpion (D:3)
  5 hounds
  A bullfrog skeleton (D:5)
  An orc priest (D:6)
  An orc wizard (D:6)
  2 worker ants
  An iguana (D:5)
  7 adders
  2 oozes
  An adder skeleton (D:4)
  5 worms
  3 dart slugs
  4 leopard geckos
  6 orcs
  2 ball pythons (D:2)
  5 giant cockroaches
  9 goblins
  6 hobgoblins
  A quokka (D:4)
  4 bats
  7 frilled lizards
  A jackal skeleton (D:4)
  A jackal zombie (D:5)
  2 kobolds
  A quokka skeleton (D:4)
  7 rats
89 creatures vanquished.

Notes
Turn   | Place    | Note
-------+----------+-------------------------------------------
     0 | D:1      | MajorAdolf the Naga Wanderer began the quest for the Orb.
     0 | D:1      | MajorAdolf set off with the following items: a +2 mace, a
                  | potion of curing, a scroll of teleportation, a +0 robe, a
                  | ration
     0 | D:1      | Reached XP level 1. HP: 22/22 MP: 1/1
    47 | D:1      | Reached skill level 2 in Stealth
   258 | D:1      | Reached skill level 3 in Stealth
   258 | D:1      | Reached XP level 2. HP: 30/30 MP: 2/2
   405 | D:1      | Reached skill level 4 in Stealth
   668 | D:1      | Reached XP level 3. HP: 33/36 MP: 3/3
   993 | D:2      | Found a glowing golden altar of the Shining One.
  1304 | D:2      | Reached skill level 5 in Stealth
  1726 | D:2      | Found a radiant altar of Vehumet.
  1764 | D:2      | Reached XP level 4. HP: 44/44 MP: 4/4
  1773 | D:2      | Reached skill level 6 in Stealth
  2377 | D:2      | Found a basalt altar of Yredelemnul.
  2476 | D:2      | Noticed an angel
  3106 | D:3      | Found a faded altar of an unknown god.
  3772 | D:4      | Found a staircase to the Ecumenical Temple.
  3781 | Temple   | Entered the Ecumenical Temple
  3853 | Temple   | Became a worshipper of Cheibriados the Contemplative
  3927 | D:4      | Reached skill level 7 in Stealth
  3927 | D:4      | Reached XP level 5. HP: 50/50 MP: 5/5
  3969 | D:4      | You fall into a shaft and drop 2 floors!
  4025 | D:6      | Reached skill level 8 in Stealth
  4026 | D:6      | Noticed a black bear
  4036 | D:6      | Noticed an ogre
  4169 | D:5      | Entered Level 5 of the Dungeon
  4719 | D:4      | Found an opulent altar of Gozag.
  4922 | D:4      | Reached * piety under Cheibriados
  4922 | D:4      | Reached skill level 9 in Stealth
  4922 | D:4      | Reached XP level 6. HP: 56/57 MP: 6/6
  5384 | D:3      | Reached skill level 1 in Invocations
  5762 | D:5      | Found a sparkling altar of Nemelex Xobeh.
  6191 | D:5      | Reached skill level 10 in Stealth
  6191 | D:5      | Reached XP level 7. HP: 33/64 MP: 7/9
  7071 | D:6      | Noticed Pikel
  7147 | D:6      | Found a stormy altar of Qazlal.
  7165 | D:6      | Reached skill level 11 in Stealth
  7532 | D:6      | Slain by an ogre

Levels and vault maps discovered:
D:1:      evilmike_arrival_plus, layout_basic
D:2:      layout_loops_cross, grunt_temple_overflow_holy_war, vehumet_crystals
D:3:      layout_basic, chequers_ecumenical_altar_island
D:4:      layout_gridville, minmay_temple_entry_glass, first_ration,
          dk_vineyard_3, grunt_gozag_statues
D:5:      layout_loops_corners, nemelex_spade_bored_becter
D:6:      layout_loops_ring, nicolae_qazlal_general_emergency,
          cheibrodos_sewer_entry_bend, nicolae_lava_and_water, minivault_26,
          st_stairs_4, uniq_pikel
Temple:   eino_temple_lava

Skill      XL: |  1  2  3  4  5  6  7 |
---------------+----------------------+-----
Stealth        | 3 4 5 7 9 10 11 | 11.2
Invocations    | 2 4 |  4.3
Fighting       | |  4.0
Maces & Flails | |  2.0
Throwing       | |  1.0
Armour         | |  1.5

Action                   |  1- 3 |  4- 6 |  7- 9 || total
-------------------------+-------+-------+-------++-------
Melee: Mace              |    65 |    60 |    40 ||   165
 Fire: Hunting sling     |       |    64 |     3 ||    67
Invok: Bend Time         |       |       |     6 ||     6
 Abil: Spit Poison       |    18 |    33 |     7 ||    58
  Use: Scroll            |       |    11 |     2 ||    13
       Potion            |       |       |     1 ||     1
 Stab: Sleeping          |     5 |     4 |       ||     9
  Eat: Chunk             |     3 |     8 |       ||    11
       Ration            |       |     1 |     1 ||     2
Armor: Robe              |     8 |    28 |    13 ||    49
Dodge: Dodged            |    30 |    46 |    38 ||   114
